 Dungeon Crawl Stone Soup version 0.32-a0-391-gce5c0aab1b (webtiles) character file.

Game seed: 3699491633713150986

497 n00bmints the Cudgeller (level 6, 0/56 HPs)
             Began as a Minotaur Berserker on Feb 19, 2024.
             Was a Believer of Trog.
             Killed by divine providence
             ... invoked by an orc priest
              (15 damage)
             ... on level 4 of the Dungeon.
             The game lasted 00:10:09 (2746 turns).

n00bmints the Cudgeller (Minotaur Berserker)        Turns: 2746, Time: 00:10:10

Health: 0/56       AC:  9    Str: 23    XL:     6   Next: 93%
Magic:  5/5        EV: 11    Int:  4    God:    Trog [**....]
Gold:   227        SH:  0    Dex: 16    Spells: 5/5 levels left

rFire   . . .        t - +0 morningstar
rCold   . . .        (no shield)
rNeg    . . .        e - +0 scale mail
rPois   .            (helmet restricted)
rElec   .            (no cloak)
rCorr   .            n - +1 Delatra's gloves {ID++}
SInv    .            (no boots)
Will    .....        (no amulet) Stlth
                     d - +6 ring of dexterity
HPRegen 0.29/turn    (no ring)
MPRegen 0.09/turn

%: no passive effects
@: no status effects
A: horns 2, retaliatory headbutt
a: Renounce Religion, Berserk, Trog's Hand


You were on level 4 of the Dungeon.
You worshipped Trog.
Trog was pleased with you.
You visited 1 branch of the dungeon, and saw 4 of its levels.

You collected 227 gold pieces.

Inventory:

Hand Weapons
 a - a +0 mace
 t - a +0 morningstar (weapon)
Armour
 e - a +0 scale mail (worn)
 n - the +1 Delatra's gloves (worn) {ID++}
   (You found it on level 3 of the Dungeon)

   ID++:      It heals its wearer when they drink unknown potions, and restores
   their MP when they read unknown scrolls.
Jewellery
 d - a +6 ring of dexterity (left hand)
 u - an amulet of the acrobat
Talismans
 l - a beast talisman
Wands
 x - a wand of polymorph (11)
Scrolls
 c - 2 scrolls of poison
 f - a scroll of enchant weapon {unknown}
 h - 3 scrolls of fog
 i - a scroll of silence
 m - a scroll of torment
 p - 2 scrolls of summoning {unknown}
 s - 3 scrolls of blinking {unknown}
Potions
 b - 2 potions of haste {unknown}
 g - 4 potions of might {unknown}
 j - 3 potions of mutation {unknown}
 k - 2 potions of resistance {unknown}
 o - a potion of attraction {unknown}
 q - a potion of cancellation {unknown}
 r - 2 potions of enlightenment {unknown}
 v - a potion of ambrosia {unknown}
 w - 2 potions of degeneration {unknown}


   Skills:
 + Level 5.1 Fighting
 + Level 7.0 Maces & Flails
 + Level 4.9 Armour
 + Level 3.2 Dodging
 + Level 0.1 Stealth


You had 5 spell levels left.
You didn't know any spells.
Your spell library was empty.

Dungeon Overview and Level Annotations

Branches:
Dungeon (4/15)
 Temple: D:4-7

Altars:
Fedhas
Gozag
Hepliaklqana
Okawaru
Qazlal
Sif Muna
Uskayaw
Wu Jian

Shops:
D:1 =

Annotations:
D:4 1 transporter


Innate Abilities, Weirdness & Mutations

You have a pair of horns on your head.
You reflexively headbutt those who attack you in melee.


Message History

Partly explored, unvisited transporter.
Partly explored, unvisited transporter.
No reachable target in view!
The shadow imp laughs crazily.
You see here a +0 robe.
The shadow imp disappears for a moment.
The shadow imp shouts, "Escape, thou gleeking weather-bitten boar-pig!"
The shadow imp shouts, "Embrace thy dedition, thou unmuzzled saucy brisket!"
The shadow imp summons a swarm of flies.
The shadow imp laughs crazily.
There is a transporter here.
The shadow imp lashes its tail.
You see here Recwutt's Atlas of the Wayfarer.
There is a transporter here.
You enter the transporter and appear at another place.
The shadow imp shouts, "Scamper away, thou qualling dread-bolted flirt-gill!"
x - a wand of polymorph (11)
The orc priest jeers repeatedly.
As you open the door, it creaks loudly!
There is an open door here.
No reachable target in view!
The orc priest invokes the aid of Beogh against you.
Beogh smites you! The shadow imp gestures at you.
Pain shoots through your body!
The orc priest invokes the aid of Beogh against you.
Beogh smites you!
You enter the shallow water.
Moving in this stuff is going to be slow.
The shadow imp gestures at you. Pain shoots through your body!
The shadow imp gestures at you.
You barely resist.
The orc priest begins to cast a cantrip, but forgets the words!
The orc priest mumbles some strange prayers to Beogh against you.
Beogh smites you!
* * * LOW HITPOINT WARNING * * *
The orc priest mumbles some strange prayers to Beogh against you.
Beogh smites you!
You die...

####....# #...### #...# #.#
..##....#####.#..## ###.# #.#
#.########....#...#####.###.#
#.# #####.[....©.....#.....#
#.# ##......#########.#######
#.# #.)####.#ßP$©$Pß#.#
#.###.### #.#~..?..~#.#
#.#.....# #.####+####.#
#.#.....# #.#5≈.@.≈.#.#
.>......# #.#.≈...≈o#.#
###.....# #.#5≈~P~≈5#.#
#.....# #.#.≈~⌠~≈.#.#
######### #.#.≈~~~≈o#.# ...#
#.#.≈...≈.#.# ...#
#.#.≈...≈.#.# ...#
#.####'####.# ...#
#.#P.....P#.#


You could see 2 orc priests and 3 shadow imps.

Vanquished Creatures
  Sigmund (D:4)
  A phantom (D:4)
  Jessica (D:3)
  Natasha (twice) (D:3)
  An orc wizard (D:3)
  3 adders
  A dart slug (D:2)
  8 orcs
  6 ball pythons
  6 bats
  6 endoplasms
  4 giant cockroaches
  6 goblins
  3 hobgoblins
  3 jackals (D:3)
  6 quokkas
  5 frilled lizards
  8 kobolds
  2 rats
73 creatures vanquished.

Notes
Turn   | Place    | Note
-------+----------+-------------------------------------------
     0 | D:1      | n00bmints the Minotaur Berserker began the quest for the
                  | Orb.
     0 | D:1      | Reached XP level 1. HP: 19/19 MP: 0/0
    78 | D:1      | Found a faded altar of an unknown god.
   509 | D:1      | Reached XP level 2. HP: 27/27 MP: 1/1
   548 | D:1      | Reached skill level 4 in Maces & Flails
   641 | D:1      | Found Jahar's Jewellery Emporium.
   880 | D:2      | Reached XP level 3. HP: 22/33 MP: 2/2
   959 | D:2      | Reached ** piety under Trog
  1377 | D:3      | Found an ornate altar of the Wu Jian Council.
  1382 | D:3      | Reached XP level 4. HP: 34/41 MP: 3/3
  1496 | D:3      | Noticed Jessica
  1502 | D:3      | Reached skill level 5 in Maces & Flails
  1503 | D:3      | Killed Jessica
  1622 | D:3      | Reached XP level 5. HP: 47/47 MP: 4/4
  1623 | D:3      | Found the +1 Delatra's gloves {ID++}
  1719 | D:3      | Found a shimmering blue altar of Sif Muna.
  1720 | D:3      | Found a blossoming altar of Fedhas.
  1722 | D:3      | Found a hide-covered altar of Uskayaw.
  1726 | D:3      | Found a hazy altar of Hepliaklqana.
  1729 | D:3      | Found a stormy altar of Qazlal.
  1730 | D:3      | Found an iron altar of Okawaru.
  1732 | D:3      | Found an opulent altar of Gozag.
  1797 | D:3      | Noticed Natasha
  1805 | D:3      | Killed Natasha
  1875 | D:3      | Noticed Natasha
  1884 | D:3      | Killed Natasha
  1885 | D:3      | Reached skill level 6 in Maces & Flails
  2021 | D:4      | Noticed a phantom
  2027 | D:4      | Killed a phantom
  2028 | D:4      | Reached XP level 6. HP: 55/55 MP: 5/5
  2102 | D:4      | Found a transporter.
  2249 | D:4      | Noticed Sigmund
  2264 | D:4      | Killed Sigmund
  2265 | D:4      | Reached skill level 5 in Fighting
  2265 | D:4      | Reached skill level 7 in Maces & Flails
  2470 | D:4      | Found a transporter.
  2746 | D:4      | Killed from afar by an orc priest

Illustrated notes

Levels and vault maps discovered:
D:1:      dpeg_arrival_rhombi, layout_loops_ring, serial_shops,
          nicolae_shop_gaudy_bauble, shapermc_ecumenical_altar_flowoftime,
          patterned_corridor
D:2:      layout_rooms
D:3:      layout_basic, minitemple, mainiacjoe_overflow_boulevard,
          pf_guarded_unrand_delatra, uniq_jessica, uniq_natasha
D:4:      gammafunk_wand_slinger, layout_basic, minmay_quantized, uniq_sigmund

Skill      XL: |  1  2  3  4  5  6 |
---------------+-------------------+-----
Maces & Flails | 4 5 6 7 |  7.0
Fighting       | 4 5 |  5.1
Armour         | 3 4 |  4.9
Dodging        | 3 |  3.2
Stealth        | |  0.1

Action                     |  1- 3 |  4- 6 || total
---------------------------+-------+-------++-------
  Melee: Mace              |    82 |    77 ||   159
         Headbutt          |    16 |    12 ||    28
         Morningstar       |       |     6 ||     6
 Invoke: Trog's Hand       |       |     3 ||     3
    Use: Scroll            |       |     4 ||     4
 Armour: Scale mail        |    48 |    58 ||   106
  Dodge: Dodged            |    49 |    35 ||    84
         Form:             |       |     1 ||     1
         Beast             |       |     1 ||     1

Table legend: (Time is in decaauts)
 A = Elapsed time spent in this place.
 B = Non-inter-level travel time spent in this place.
 C = Inter-level travel time spent in this place.
 D = Time resting spent in this place.
 E = Time spent auto-exploring this place.
 F = Levels seen in this place.
 G = Mean time per level.
                   A        B        C        D        E       F      G
               +--------+--------+--------+--------+--------+-----+--------+
         Total |   2771 |   2591 |    180 |      0 |   2062 |   4 |  692.8 |
       Dungeon |   2771 |   2591 |    180 |      0 |   2062 |   4 |  692.8 |
               +--------+--------+--------+--------+--------+-----+--------+

Top non-repeatable levels by time:
     D:1: 870 daAuts
     D:4: 728 daAuts
     D:3: 700 daAuts
     D:2: 472 daAuts
